 Dungeon Crawl Stone Soup version 0.20-a0-1086-g4bd2f5b (webtiles) character file.

20 tself55 the Insei (level 2, 0/14 HPs)
             Began as a Vine Stalker Transmuter on May 1, 2017.
             Succumbed to a goblin's poison
             ... on level 1 of the Dungeon.
             The game lasted 00:01:21 (872 turns).

tself55 the Insei (Vine Stalker Transmuter)          Turns: 872, Time: 00:01:22

Health: 0/14       AC:  3    Str: 12    XL:     2   Next: 79%
Magic:  5/6        EV: 11    Int: 13    God:
Gold:   40         SH:  0    Dex: 14    Spells: 4/5 levels left

rFire    . . .     SeeInvis .     - Unarmed
rCold    . . .     Gourm    .   (no shield)
rNeg     . . .     Faith    .   o - +0 leather armour (curse)
rPois    .         Spirit   +   (no helmet)
rElec    .         Reflect  .   (no cloak)
rCorr    .         Harm     .   (no gloves)
MR       .....                  (no boots)
Stlth    +.........             (no amulet)
Regen    0.1/turn               (no ring)
MPRegen  0.1/turn               (no ring)

@: lethally poisoned (0 -> -11)
A: fangs 2, magic shield, antimagic bite, no potion heal 3, rot immunity
a: no special abilities


You were on level 1 of the Dungeon.
You were not hungry.

You visited 1 branch of the dungeon, and saw 1 of its levels.

You collected 40 gold pieces.

Inventory:

Missiles
 a - 12 arrows
 l - 36 sling bullets
Armour
 b - a +0 robe
 h - a +0 leather armour
 m - a +0 buckler
 o - a cursed +0 leather armour (worn)
Scrolls
 e - a scroll of fear {unknown}
 f - 4 scrolls of amnesia {unknown}
 j - a scroll of teleportation {unknown}
 k - a scroll of remove curse {unknown}
 n - a scroll of enchant weapon {unknown}
Books
 c - a book of Changes

   Spells                             Type                      Level
   a - Beastly Appendage              Transmutation                1
   b - Sticks to Snakes               Transmutation                2
   c - Spider Form                    Transmutation/Poison         3
   d - Ice Form                       Ice/Transmutation            4
   e - Blade Hands                    Transmutation                5
Comestibles
 d - a bread ration
 g - 3 chunks of flesh
 i - a royal jelly


   Skills:
 + Level 1.4 Fighting
 - Level 1.5 Dodging
 * Level 3.7 Unarmed Combat
 - Level 2.1 Spellcasting
 - Level 2.0 Transmutations


You had 4 spell levels left.
You knew the following spells:

 Your Spells              Type           Power        Failure   Level  Hunger
a - Beastly Appendage     Tmut           #.....       14%         1    ##.....


Dungeon Overview and Level Annotations

Branches:
Dungeon (1/15)

Altars:


Innate Abilities, Weirdness & Mutations

You have extremely sharp teeth.
When hurt, damage is shared between your health and your magic reserves.
Your bite disrupts and absorbs the magic of your enemies.
Potions cannot restore your health.
You are immune to rotting.


Message History

You feel sick. The goblin hits you with a club.
You barely miss the goblin. You claw the goblin. Your bite misses the goblin.
The goblin is heavily wounded.
* * * LOW HITPOINT WARNING * * *
You feel sick. The goblin hits you with a club.
* * * LOW HITPOINT WARNING * * *
You closely miss the goblin. You claw the goblin.
You kill the goblin!
Your talons disappear.
* * * LOW HITPOINT WARNING * * *
You feel sick.
A goblin comes into view. It is wielding a club.
Okay, then.
It was a potion of heal wounds.
That seemed strangely inert.
* * * LOW HITPOINT WARNING * * *
You feel sick.
The goblin moves out of view.
You see here a club.
You hit the goblin.
You kill the goblin!
You die...

##
###.#####
#.)......
#@# #.#
#)# #.#
#.# #.#
#.# #.#
#.# ..#.#


There were no monsters in sight!

Vanquished Creatures
  A giant cockroach (D:1)
  7 goblins (D:1)
  2 hobgoblins (D:1)
  2 bats (D:1)
  A frilled lizard (D:1)
  3 kobolds (D:1)
  2 rats (D:1)
18 creatures vanquished.

Notes
Turn   | Place    | Note
-------+----------+-------------------------------------------
     0 | D:1      | tself55 the Vine Stalker Transmuter began the quest for the Orb.
     0 | D:1      | Reached XP level 1. HP: 9/9 MP: 4/4
     6 | D:1      | Noticed an anaconda
     6 | D:1      | Noticed a wolf
     6 | D:1      | Noticed a worker ant
     7 | D:1      | Noticed a swamp drake
    53 | D:1      | Reached skill level 1 in Fighting
   249 | D:1      | Reached XP level 2. HP: 14/14 MP: 4/6
   872 | D:1      | Succumbed to a goblin's poison

Vault maps used:
D:1:      onia_arrival_zoo_common, serial_bayou_pond_a, st_stairs_3

Skill      XL: |  1 |
---------------+----+-----
Fighting       | 1 |  1.4
Dodging        | |  1.5
Unarmed Combat | |  3.7
Spellcasting   | |  2.1
Transmutations | |  2.0

Action                   || total
-------------------------++-------
Melee: Unarmed           ||    42
       Bite              ||    10
       Kick              ||     2
       Headbutt          ||     2
       Punch             ||     1
 Cast: Beastly Appendage ||     5
  Use: Potion            ||     1
Armor: Robe              ||     5
       Leather armour    ||     5
Dodge: Dodged            ||    29
